 Dungeon Crawl Stone Soup version 0.31-a0-180-g519b7de00c (webtiles) character file.

Game seed: 8550682223750442115

354 qw the Chopper (level 6, 0/38 HPs)
             Began as a Gargoyle Fighter on June 19, 2023.
             Slain by a lemure (1 damage)
             ... led by Pikel
             ... on level 4 of the Dungeon.
             The game lasted 00:01:24 (3278 turns).

qw the Chopper (Gargoyle Fighter)                   Turns: 3278, Time: 00:01:25

Health: 0/38       AC: 17    Str: 22    XL:     6   Next: 63%
Magic:  6/6        EV: 10    Int: 11    God:
Gold:   107        SH:  4    Dex:  9    Spells: 5/5 levels left

rFire   . . .        Y - +2 war axe
rCold   . . .        c - +0 buckler
rNeg    + . .        o - +4 ring mail
rPois   inf          j - +2 helmet {Int+3}
rElec   +            (no cloak)
rCorr   .            (no gloves)
SInv    .            (no boots)
Will    +....        g - amulet of faith Stlth
                     i - ring of willpower
HPRegen 0.26/turn    (no ring)
MPRegen 0.10/turn

%: faith
@: about to teleport
A: sickness immunity, AC +4, negative energy resistance 1, electricity
resistance, torment resistance 1, petrification resistance
a: no special abilities


You were on level 4 of the Dungeon.
You visited 1 branch of the dungeon, and saw 4 of its levels.

You collected 203 gold pieces.
You spent 96 gold pieces at shops.


Innate Abilities, Weirdness & Mutations

You are immune to sickness and miasma.
Your stone body is resilient. (AC +4)
You are immune to poison.
You resist negative energy. (rN+)
You are resistant to electric shocks. (rElec)
You are resistant to unholy torment.
You are immune to petrification.


   Skills:
 + Level 3.8 Fighting
 - Level 5.7 Axes
 - Level 3.2 Armour
 - Level 1.3 Dodging
 - Level 3.2 Shields


You had 5 spell levels left.
You didn't know any spells.
Your spell library was empty.

Inventory:

Hand Weapons
 k - a +3 mace
 Y - a +2 war axe (weapon)
Armour
 c - a +0 buckler (worn)
 j - a +2 helmet of intelligence (worn)
 o - a +4 ring mail (worn)
Jewellery
 g - an amulet of faith (around neck)
 i - a ring of willpower (left hand)
Scrolls
 a - 2 scrolls of identify
 f - 2 scrolls of enchant armour
 n - a scroll of revelation {unknown}
Potions
 b - a potion of brilliance {unknown}
 d - a potion of might
 h - a potion of attraction
 l - a potion of haste {unknown}
 m - a potion of curing

Dungeon Overview and Level Annotations

Branches:
Dungeon (4/15)
 Temple: D:4-7

Altars:

Shops:
D:3 *

Annotations:
D:4 Pikel


Message History

You hit Pikel.
Pikel is lightly wounded.
Pikel hits you with a +0 whip of freezing.
Pikel freezes you.
You hit Pikel but do no damage.
Pikel is lightly wounded.
Pikel hits you but does no damage.
Pikel cracks his whip.
Pikel hits you with a +0 whip of freezing!
Pikel freezes you.
You barely miss Pikel.
Pikel is lightly wounded.
Pikel hits you with a +0 whip of freezing.
Pikel freezes you.
You barely miss Pikel.
Pikel is lightly wounded.
Pikel hits you with a +0 whip of freezing.
Pikel freezes you.
You closely miss Pikel.
Pikel is lightly wounded.
You closely miss the lemure. The lemure closely misses you.
Pikel hits you with a +0 whip of freezing.
Pikel freezes you.
You hit Pikel.
Pikel is lightly wounded.
You closely miss the lemure. The lemure closely misses you.
Pikel hits you with a +0 whip of freezing!
Pikel freezes you. The lemure closely misses you.
Pikel hits you but does no damage.
3277 ||| READING scroll of teleportation.
As you read the scroll of teleportation, it crumbles to dust.
You feel strangely unstable. The lemure barely misses you.
Pikel hits you but does no damage.
You barely miss Pikel.
Pikel is lightly wounded.
You slash the lemure! The lemure hits you.
You die...

....# #....# #¤¤ ....#
#....#####..¤¤ ....#
#....##....¤.¤ ....#
#....##.....¤
'#########....##.....
...........#+###..#
........../'......#
...........#......#
...........#.###@.#
############## #K5# .....
#........'..... ...
'........#..... ... #
########'####'#..... ... ...
.................#####5## ...
.................#..#...#
...>.................#..#)K)#
.....................##'##..#


You could see Pikel and a lemure.

Vanquished Creatures
  Grinder (D:3)
  3 lemures (D:4)
  A jelly (D:4)
  An orc wizard (D:3)
  An iguana (D:4)
  Robin (D:2)
  2 adders
  A dart slug (D:4)
  7 orcs
  3 ball pythons
  2 endoplasms
  5 giant cockroaches
  12 goblins
  2 hobgoblins (D:2)
  5 kobolds
  2 quokkas
  4 bats
  2 frilled lizards (D:1)
  3 rats
58 creatures vanquished.

Notes
Turn   | Place    | Note
-------+----------+-------------------------------------------
     0 | D:1      | qw the Gargoyle Fighter began the quest for the Orb.
     0 | D:1      | Reached XP level 1. HP: 14/14 MP: 1/1
     0 | D:1      | 0 ||| qw: Version: 0.3-a-7-ge0c9b40
     0 | D:1      | 0 ||| qw: Game counter: 957
     0 | D:1      | 0 ||| qw: Always use a shield: true
     0 | D:1      | 0 ||| qw: God list: Okawaru
     0 | D:1      | 0 ||| qw: Allow faded altars: false
     0 | D:1      | 0 ||| qw: Do Orc after D:15 true
     0 | D:1      | 0 ||| qw: Do second Lair branch before Depths: true
     0 | D:1      | 0 ||| qw: Lair rune preference: random
     0 | D:1      | 0 ||| qw: Plans: Normal, Zot:1-4, Slime:5, God:TSO, Crypt,
                  | Tomb, Abyss, Pan, Hells, Win
     0 | D:1      | 0 ||| PLANNING D:1-11
   176 | D:1      | Reached skill level 2 in Axes
   235 | D:1      | 235 ||| Stepping ~*~*~tactically~*~*~ (stealth).
   352 | D:1      | Reached XP level 2. HP: 18/19 MP: 2/2
   628 | D:1      | 628 ||| DROPPING +0 mace.
   629 | D:1      | 629 ||| READING 2 scrolls labelled XOOGOS YVVU.
   630 | D:1      | 630 ||| READING 2 scrolls labelled KOTUETIUPS.
   631 | D:1      | 631 ||| READING scroll labelled FAJIQY LEKKI.
   632 | D:1      | 632 ||| DRINKING 2 lumpy golden potions.
   737 | D:1      | 737 ||| DROPPING potion of berserk rage.
   953 | D:2      | Reached skill level 3 in Axes
   953 | D:2      | Reached XP level 3. HP: 21/23 MP: 3/3
  1130 | D:2      | 1130 ||| Stepping ~*~*~tactically~*~*~ (stealth).
  1133 | D:2      | 1133 ||| Stepping ~*~*~tactically~*~*~ (hiding).
  1136 | D:2      | 1136 ||| Stepping ~*~*~tactically~*~*~ (hiding).
  1139 | D:2      | Noticed Robin
  1147 | D:2      | Killed Robin
  1173 | D:2      | 1173 ||| Stepping ~*~*~tactically~*~*~ (stealth).
  1391 | D:2      | 1391 ||| UPGRADING to +2 helmet of intelligence.
  1396 | D:2      | 1396 ||| UPGRADING to amulet of faith.
  1401 | D:2      | 1401 ||| UPGRADING to ring of willpower.
  1402 | D:2      | 1402 ||| READING 2 scrolls labelled FUF ONICVUKHEL.
  1405 | D:2      | 1405 ||| READING scroll labelled CEOMEO ZORHUY.
  1406 | D:2      | 1406 ||| READING scroll labelled VIAPTE VIAFRI.
  1407 | D:2      | 1407 ||| READING 2 scrolls of identify.
  1407 | D:2      | 1407 ||| IDENTIFYING emerald potion
  1461 | D:3      | Reached XP level 4. HP: 28/28 MP: 4/4
  1665 | D:3      | Noticed Grinder
  1676 | D:3      | Reached skill level 4 in Axes
  1678 | D:3      | 1678 ||| FLEEEEING.
  1686 | D:3      | 1686 ||| FLEEEEING.
  1687 | D:3      | 1687 ||| FLEEEEING.
  1688 | D:3      | 1688 ||| FLEEEEING.
  1690 | D:3      | 1690 ||| FLEEEEING.
  1691 | D:3      | 1691 ||| FLEEEEING.
  1707 | D:3      | 1707 ||| Stepping ~*~*~tactically~*~*~ (hiding).
  1714 | D:3      | Killed Grinder
  1715 | D:3      | Reached skill level 5 in Axes
  1715 | D:3      | Reached XP level 5. HP: 15/32 MP: 5/5
  1715 | D:3      | Reached XP level 6. HP: 17/37 MP: 6/6
  1888 | D:3      | Found Hirar's Assorted Antiques.
  1906 | D:3      | 1906 ||| BUYING jewelled wooden wand (96 gold).
  1906 | D:3      | Bought a jewelled wooden wand for 96 gold pieces
  1906 | D:3      | 1906 ||| SHOPLISTING lead wand (96 gold, have 3).
  1906 | D:3      | 1906 ||| SHOPLISTING scroll labelled OMYVIA FEASA (24 gold,
                  | have 3).
  1906 | D:3      | 1906 ||| SHOPLISTING scroll of identify (48 gold, have 3).
  1906 | D:3      | 1906 ||| SHOPLISTING scroll of teleportation (72 gold, have
                  | 3).
  2067 | D:3      | 2067 ||| READING scroll of enchant weapon.
  2067 | D:3      | 2067 ||| ENCHANTING +1 war axe.
  2378 | D:3      | 2378 ||| UPGRADING to +4 ring mail.
  2388 | D:3      | 2388 ||| DROPPING +0 scale mail.
  2389 | D:3      | 2389 ||| READING scroll labelled YDDEBO SIURAMU.
  2490 | D:3      | 2490 ||| READING scroll labelled UNIM DOYSUL.
  2519 | D:3      | 2519 ||| READING 2 scrolls of identify.
  2519 | D:3      | 2519 ||| IDENTIFYING clear potion
  2520 | D:3      | 2520 ||| DROPPING wand of roots (3).
  2647 | D:4      | Reached skill level 1 in Dodging
  2842 | D:4      | Noticed Pikel
  2858 | D:4      | HP: 7/38 [Pikel/+0 whip of freezing (7)]
  2859 | D:4      | 2859 ||| READING 2 scrolls of teleportation.
  2861 | D:4      | HP: 2/38 [Pikel/+0 whip of freezing (5)]
  3034 | D:4      | Identified the +6 short sword of Symmetry {flame, rN+ rCorr
                  | Dex+3}
  3265 | D:4      | 3265 ||| Stepping ~*~*~tactically~*~*~ (stealth).
  3276 | D:4      | HP: 5/38 [Pikel/+0 whip of freezing (9)]
  3276 | D:4      | HP: 1/38 [Pikel/+0 whip of freezing (4)]
  3277 | D:4      | 3277 ||| READING scroll of teleportation.
  3278 | D:4      | Slain by a lemure

Levels and vault maps discovered:
D:1:      lordsloth_arrival_two_stooges, layout_basic
D:2:      layout_basic, uniq_robin
D:3:      layout_basic, serial_shops, shop, grunt_ministairs_6, uniq_grinder
D:4:      layout_gridville, nicolae_dithmenos_the_darkroom, minmay_cupped,
          uniq_ijyb, uniq_pikel

Skill      XL: |  1  2  3  4  5  6 |
---------------+-------------------+-----
Axes           | 2 3 5 |  5.7
Dodging        | 1 |  1.3
Fighting       | |  3.8
Armour         | |  3.2
Shields        | |  3.2

Action                     |  1- 3 |  4- 6 || total
---------------------------+-------+-------++-------
  Melee: War axe           |    96 |   128 ||   224
    Use: Scroll            |     7 |     6 ||    13
         Potion            |     1 |       ||     1
 Armour: Scale mail        |    51 |    28 ||    79
         Ring mail         |       |    43 ||    43
  Dodge: Dodged            |    40 |    49 ||    89
  Block: Buckler           |    18 |    17 ||    35

Table legend:
 A = Non-vault XP
 B = Vault XP
 C = Vault XP percentage of total XP
 D = Non-vault monster count
 E = Vault monster count
 F = Vault count percentage of total count
                 A         B        C        D         E       F
            +---------+---------+-------+---------+---------+-------
      Total |      83 |     424 |  83.6 |      34 |      21 |  38.2
            +---------+---------+-------+---------+---------+-------
        D:1 |      21 |       0 |   0.0 |      13 |       0 |   0.0
        D:2 |      26 |      34 |  56.7 |      10 |      11 |  52.4
        D:3 |      23 |     308 |  93.1 |       7 |       7 |  50.0
        D:4 |      13 |      82 |  86.3 |       4 |       3 |  42.9
            +---------+---------+-------+---------+---------+-------
